 Dungeon Crawl Stone Soup version 0.28-a0-1638-g9123634e07 (webtiles) character file.

Game seed: 2438780150316694310

37 Edwards80 the Cudgeller (level 3, -2/33 HPs)
             Began as a Minotaur Berserker on Jan 25, 2022.
             Was a Follower of Trog.
             Killed from afar by Sigmund (4 damage)
             ... with a magic dart
             ... on level 2 of the Dungeon.
             The game lasted 00:02:25 (1255 turns).

Edwards80 the Cudgeller (Minotaur Berserker)        Turns: 1255, Time: 00:02:26

Health: -2/33      AC:  2    Str: 23    XL:     3   Next: 21%
Magic:  2/2        EV: 12    Int: 10    God:    Trog [*.....]
Gold:   47         SH:  0    Dex:  9    Spells: 2/2 levels left

rFire   . . .      SeeInvis .   a - +0 mace
rCold   . . .      Faith    .   (no shield)
rNeg    . . .      Spirit   .   b - +0 animal skin
rPois   .          Reflect  .   (helmet restricted)
rElec   .          Harm     .   (no cloak)
rCorr   .          Rampage  .   (no gloves)
Will    .....                   (no boots)
Stlth   +.........              (no amulet)
HPRegen 0.11/turn               d - +6 ring of intelligence
MPRegen 0.08/turn               (no ring)

@: lethally poisoned (-2 -> -23)
A: horns 2, retaliatory headbutt
a: Renounce Religion, Berserk


You were on level 2 of the Dungeon.
You worshipped Trog.
Trog was aware of your devotion.
You visited 1 branch of the dungeon, and saw 2 of its levels.

You collected 47 gold pieces.

Inventory:

Hand Weapons
 a - a +0 mace (weapon)
Armour
 b - a +0 animal skin (worn)
Jewellery
 d - a +6 ring of intelligence (left hand)
Scrolls
 c - 2 scrolls of immolation {unknown}
 h - a scroll of identify {unknown}
 k - a scroll of torment {unknown}
Potions
 e - a potion of mutation {unknown}
 f - a potion of berserk rage {unknown}
 g - a potion of brilliance {unknown}
 i - a potion of heal wounds {unknown}
 j - a potion of degeneration {unknown}


   Skills:
 - Level 3.9 Fighting
 + Level 4.7 Maces & Flails
 - Level 2.8 Armour
 - Level 2.4 Dodging


You had 2 spell levels left.
You didn't know any spells.
Your spell library was empty.

Dungeon Overview and Level Annotations

Branches:
Dungeon (2/15)

Altars:

Annotations:
D:2 Sigmund


Innate Abilities, Weirdness & Mutations

You have a pair of horns on your head.
You reflexively headbutt those who attack you in melee.


Message History

You headbutt the goblin.
You kill the goblin!
Trog accepts your kill.
No target in view!
No target in view!
Things that are here:
a +0 dagger; a goblin corpse Sigmund the Dreaded comes into view.
He is wielding a +2 scythe of venom.
Found a pair of gloves.
Sigmund shouts!
Sigmund points at you and mumbles some strange words.
The magic dart hits you!
Sigmund points at you and mumbles some strange words.
The puff of flame misses you. Sigmund casts a spell at you.
You are confused.
You bump into the rock wall.
Things that are here:
a +0 dagger; a goblin corpse You bump into the rock wall.
You bump into the rock wall.
You bump into the rock wall.
You feel less confused.
Sigmund casts a spell.
Sigmund flickers and vanishes!
Deactivating autopickup; reactivate with Ctrl-A.
You miss something. Something hits you.
You are poisoned.
You sock something!
You feel very sick. Something hits you!
* * * LOW HITPOINT WARNING * * *
You are lethally poisoned!
You closely miss something.
* * * LOW HITPOINT WARNING * * *
You feel extremely sick.
You hear some strange, mumbled words.
A magic dart appears from out of thin air!
The magic dart hits you.
You die...

## ###.##..# # #.##..# # #
#.#...# .# ## #.#...# ##.###
.## #.#.#.# ..@..# ..##
#.....# #.....# ...#####..##
......#
....####...###########......#
....+..........)@{..........+
....####...###########...####
...## #..## .[## ..## #.##
.## †## #.# .# ## #.# .. .#
#.# ## .### #.# ...##


There were no monsters in sight!

Vanquished Creatures
  An adder (D:2)
  4 bats (D:1)
  3 endoplasms
  A giant cockroach (D:1)
  4 goblins
  3 hobgoblins
  2 kobolds (D:1)
  A quokka (D:2)
  5 frilled lizards
  2 rats
26 creatures vanquished.

Notes
Turn   | Place    | Note
-------+----------+-------------------------------------------
     0 | D:1      | Edwards80 the Minotaur Berserker began the quest for the
                  | Orb.
     0 | D:1      | Reached XP level 1. HP: 19/19 MP: 0/0
   251 | D:1      | Reached XP level 2. HP: 23/27 MP: 1/1
   652 | D:1      | Reached skill level 4 in Maces & Flails
  1040 | D:2      | Reached XP level 3. HP: 29/33 MP: 2/2
  1240 | D:2      | Noticed Sigmund
  1255 | D:2      | Killed from afar by Sigmund

Illustrated notes

Levels and vault maps discovered:
D:1:      mrwooster_arrival_statue_2, layout_loops_cross
D:2:      layout_loops_corners, serial_glass, glass_columns_b, glass_columns_a,
          grunt_decor_resistance, uniq_sigmund

Skill      XL: |  1  2 |
---------------+-------+-----
Maces & Flails | 4 |  4.7
Fighting       | |  3.9
Armour         | |  2.8
Dodging        | |  2.4

Action                   || total
-------------------------++-------
Melee: Mace              ||    55
       Headbutt          ||     7
       Punch             ||     1
 Stab: Sleeping          ||     1
Armor: Animal skin       ||     7
Dodge: Dodged            ||    37

Table legend: (Time is in decaauts)
 A = Elapsed time spent in this place.
 B = Non-inter-level travel time spent in this place.
 C = Inter-level travel time spent in this place.
 D = Time resting spent in this place.
 E = Time spent auto-exploring this place.
 F = Levels seen in this place.
 G = Mean time per level.
                   A        B        C        D        E       F      G
               +--------+--------+--------+--------+--------+-----+--------+
         Total |   1265 |   1262 |      3 |      0 |   1056 |   2 |  632.5 |
       Dungeon |   1265 |   1262 |      3 |      0 |   1056 |   2 |  632.5 |
               +--------+--------+--------+--------+--------+-----+--------+

Top non-repeatable levels by time:
     D:1: 898 daAuts
     D:2: 366 daAuts
